 Dungeon Crawl Stone Soup version 0.30.1-11-g7821555f0a (webtiles) character file.

Game seed: 12988587468899802276

25 johnjohn the Chiller (level 3, -5/24 HPs)
             Began as a Human Ice Elementalist on Oct 28, 2023.
             Slain by Terence
             ... wielding a +1 flail of holy wrath
              (7 damage)
             ... on level 2 of the Dungeon.
             The game lasted 00:08:37 (628 turns).

johnjohn the Chiller (Human Ice Elementalist)        Turns: 628, Time: 00:08:39

Health: -5/24      AC:  2    Str:  8    XL:     3   Next: 17%
Magic:  3/6        EV: 12    Int: 17    God:
Gold:   41         SH:  0    Dex: 13    Spells: 5/6 levels left

rFire   . . .        d - +0 dagger
rCold   . . .        c - orb {*channel}
rNeg    . . .        a - +0 robe
rPois   .            (no helmet)
rElec   .            (no cloak)
rCorr   .            (no gloves)
SInv    .            (no boots)
Will    .....        (no amulet)
Stlth   ++           (no ring)
HPRegen 0.24/turn    (no ring)
MPRegen 0.10/turn

%: channel magic (20%)
@: no status effects
A: no striking features
a: no special abilities


You were on level 2 of the Dungeon.
You visited 1 branch of the dungeon, and saw 2 of its levels.

You collected 41 gold pieces.

Inventory:

Hand Weapons
 d - a +0 dagger (weapon)
Armour
 a - a +0 robe (worn)
 c - an orb of energy (worn)
 e - a +0 ring mail
Scrolls
 g - a scroll of fog {unknown}
 i - a scroll of identify {unknown}
Potions
 b - a potion of magic
 f - a potion of attraction {unknown}
 h - a potion of heal wounds {unknown}


   Skills:
 + Level 0.2 Short Blades
 + Level 2.2 Dodging
 + Level 2.0 Stealth
 + Level 2.2 Spellcasting
 + Level 4.5 Ice Magic


You had 5 spell levels left.
You knew the following spells:

 Your Spells              Type           Power      Damage    Failure   Level
a - Freeze                Ice            68%        1d8       11%         1

Your spell library contained the following spells:

 Spells                   Type           Power      Damage    Failure   Level
 Frozen Ramparts          Ice            34%        1d6       22%         3
 Ozocubu's Armour         Ice            17%        N/A       22%         3
 Foxfire                  Conj/Fire      4%         2x1d4     38%         1
 Summon Ice Beast         Ice/Summ       9%         N/A       78%         4
 Fireball                 Conj/Fire      0%         3d3       100%        5
 Plasma Beam              Fire/Air       0%         2x1d11    100%        6
 Starburst                Conj/Fire      0%         6d3       100%        6


Dungeon Overview and Level Annotations

Branches:
Dungeon (2/15)

Altars:

Shops:
D:1 =

Annotations:
D:2 Terence


Message History

There is a stone staircase leading up here.
Terence the Incautious comes into view.
He is wielding a +1 flail of holy wrath.
Terence shouts!
Terence hits you with a +1 flail of holy wrath.
Terence attacks as you move away! Terence barely misses you.
Casting: Freeze (safe; 11% risk of failure)
Confirm with . or Enter, or press ? or * to list all spells.
Aiming: Freeze (safe; 11% risk of failure)
Press: ? - help, Shift-Dir - straight line, f - Terence
Aim: Terence, wielding a +1 flail of holy wrath and wearing a +0 chain mail You freeze Terence.
Terence is moderately wounded.
Magical energy flows into your mind!
Terence hits you with a +1 flail of holy wrath!
Casting: Freeze (safe; 11% risk of failure)
Confirm with . or Enter, or press ? or * to list all spells.
Aiming: Freeze (safe; 11% risk of failure)
Press: ? - help, Shift-Dir - straight line, f/p - Terence
Aim: Terence, wielding a +1 flail of holy wrath and wearing a +0 chain mail (moderately wounded)
You freeze Terence.
Terence is heavily wounded.
Terence hits you with a +1 flail of holy wrath.
Casting: Freeze (safe; 11% risk of failure)
Confirm with . or Enter, or press ? or * to list all spells.
Aiming: Freeze (safe; 11% risk of failure)
Press: ? - help, Shift-Dir - straight line, f/p - Terence
Aim: Terence, wielding a +1 flail of holy wrath and wearing a +0 chain mail (heavily wounded)
You freeze Terence.
Terence is severely wounded.
Terence hits you with a +1 flail of holy wrath!
* * * LOW HITPOINT WARNING * * *
Casting: Freeze (safe; 11% risk of failure)
Confirm with . or Enter, or press ? or * to list all spells.
Aiming: Freeze (safe; 11% risk of failure)
Press: ? - help, Shift-Dir - straight line, f/p - Terence
Aim: Terence, wielding a +1 flail of holy wrath and wearing a +0 chain mail (severely wounded)
You freeze Terence.
Terence is almost dead.
Terence hits you with a +1 flail of holy wrath!
You die...

## ######## ..
#......# .#
#.####.# .# #
#.##.#.##.##...#
#.#....@@....#
#.##.#.##.####
#.##.#.# ...
#......# ####
####.### #<# #)#
#######
###.#####
#.....#
#.......#
#.....#


You could see Terence.

Vanquished Creatures
  A dart slug (D:1)
  2 ball pythons (D:1)
  3 bats (D:1)
  An endoplasm (D:2)
  A giant cockroach (D:2)
  2 goblins (D:1)
  A hobgoblin (D:1)
  4 kobolds
  A frilled lizard (D:1)
  4 rats (D:1)
20 creatures vanquished.

Vanquished Creatures (others)
  A rat (D:1)
1 creature vanquished.

Grand Total: 21 creatures vanquished

Notes
Turn   | Place    | Note
-------+----------+-------------------------------------------
     0 | D:1      | johnjohn the Human Ice Elementalist began the quest for the
                  | Orb.
     0 | D:1      | Reached XP level 1. HP: 13/13 MP: 3/3
   162 | D:1      | Reached XP level 2. HP: 12/19 MP: 5/5
   202 | D:1      | Found Sallepro's Jewellery Shop.
   470 | D:2      | Reached XP level 3. HP: 24/24 MP: 4/6
   618 | D:2      | Noticed Terence
   628 | D:2      | Slain by Terence

Illustrated notes

Levels and vault maps discovered:
D:1:      denvon_arrival_planthouse, layout_basic, serial_shops, shop,
          minmay_tree_intersection
D:2:      kennysheep_six_static_rooms, layout_loops_cross, uniq_terence

Action                     || total
---------------------------++-------
  Melee: Dagger            ||    66
         Unarmed           ||     2
   Cast: Freeze            ||    14
    Use: Potion            ||     2
   Stab: Sleeping          ||     1
 Armour: Robe              ||    34
  Dodge: Dodged            ||    75
